 Dungeon Crawl Stone Soup version 0.17-a0-2122-g03d97ec (webtiles) character file.

1094 log the Cleaver (level 8, -2/58 HPs)
             Began as a Demonspawn Berserker on Oct 21, 2015.
             Was an Elder of Trog.
             Slain by an ogre
             ... wielding a +0 giant club
              (26 damage)
             ... on level 6 of the Dungeon.
             The game lasted 00:11:56 (5212 turns).

log the Cleaver (Demonspawn Berserker)              Turns: 5212, Time: 00:11:56

Health: -2/58      AC: 16    Str: 18    XL:     8   Next: 10%
Magic:  8/8        EV:  7    Int: 11    God:    Trog [****..]
Gold:   141        SH:  0    Dex: 10    Spells: 0 memorised, 7 levels left

rFire  . . .     SeeInvis +     a - +1 hand axe
rCold  . . .     Clarity  .     h - +0 chain mail
rNeg   . . .     SustAt   +     (no shield)
rPois  .         Gourm    +     (helmet restricted)
rElec  .         Spirit   .     (no cloak)
rCorr  .         Warding  .     x - +0 pair of gloves
rMut   .         Stasis   .     (no boots)
MR     .....                    u - amulet of the gourmand
Stlth  ..........               B - ring of see invisible
                                w - ring of sustain attributes

@: not resistant to hostile enchantments, extremely unstealthy
A: antennae 1, fangs 1, rough black scales 2, blurry vision 1, rot immunity,
MP-powered wands
a: Berserk, Trog's Hand, Brothers in Arms, Burn Spellbooks, Renounce Religion


You were on level 6 of the Dungeon.
You worshipped Trog.
Trog was greatly pleased with you.
You were not hungry.

You visited 1 branch of the dungeon, and saw 6 of its levels.

You collected 301 gold pieces.
You spent 160 gold pieces at shops.

Inventory:

Hand Weapons
 a - a +1 hand axe (weapon)
 s - a +0 blowgun
Missiles
 t - 7 poisoned needles
Armour
 b - a +0 animal skin
 h - a +0 chain mail (worn)
 m - a +0 helmet
 x - a +0 pair of gloves (worn)
 y - the +3 robe "Bohiet" {rF- Dex+10}
   (You found it on level 6 of the Dungeon)

   It affects your dexterity (+10).
   It makes you vulnerable to fire.
Jewellery
 j - an uncursed amulet of resist mutation
 u - an amulet of the gourmand (around neck)
 w - a ring of sustain attributes (left hand)
 B - a ring of see invisible (right hand)
Scrolls
 d - a scroll of recharging {unknown}
 g - 4 scrolls of identify
 l - 2 scrolls of fog
 p - a scroll of blinking
 q - 3 scrolls of remove curse
 r - 2 scrolls of teleportation
 v - 2 scrolls of enchant weapon
 C - a scroll of fear
Potions
 e - a potion of curing
 i - a potion of degeneration
 k - 3 potions of heal wounds
 n - a potion of lignification
Comestibles
 c - 4 bread rations
 f - 4 fruits
 o - 3 meat rations
 z - a slice of pizza
 A - a beef jerky


   Skills:
 - Level 3.0 Fighting
 + Level 9.2 Axes
 - Level 1.7 Armour
 - Level 1.7 Dodging


You had 7 spell levels left.
You didn't know any spells.

Dungeon Overview and Level Annotations

Branches:
Dungeon (6/15)
 Temple: D:4-7

Altars:
Dithmenos
Fedhas
Gozag
Makhleb
Nemelex Xobeh
Qazlal
Sif Muna
The Shining One

Shops:
D:6 ?*!


Innate Abilities, Weirdness & Mutations

You have a pair of small antennae on your head.
You are mostly covered in rough black scales (AC +7, Dex -2).
You are immune to rotting.
You have very sharp teeth.
Scrolls take you a little longer to read.
You expend magic power (3 MP) to strengthen your wands.


Message History

The ogre hits you with a giant club.
You hit the ogre.
The ogre is heavily wounded.
You slash the ogre!
The ogre is almost dead.
The ogre hits you with a giant club!
You hit the ogre.
The ogre is almost dead.
The ogre closely misses you.
You hit the ogre. Your bite misses the ogre.
The ogre is almost dead.
Your chain mail prevents you from hitting the ogre.
The ogre is almost dead.
The ogre hits you with a giant club!
You barely miss the ogre.
The ogre is almost dead.
You completely miss the ogre.
The ogre is almost dead.
The ogre hits you with a giant club!!
You die...

...# ##.## #.# #####.##### ..
)### #...####.# #........# #
'## #.#...##(# #.#...##.# ..##
#...#.##.# #..#.#.#.# ...##
##.##.##.# #.##.##..# ....##
#∩.#.##.# #.##..#..#
.....####.......####.##.#...##
.....+.................###..>+
.....###.....###@.##....#...##
....## #...#.# #O.###.##.####
...## #..##.###..# #.#### ..##
#..##..##..# #.# '##
#..###.##..# #.# .#
#..###.##..# #.# .#####
#..........# #.# .....#
#.........## #.# .#.#.#
######.#### #.#


You could see an ogre.

Vanquished Creatures
  Duvessa (D:5)
  An ice beast (D:6)
  An ogre (D:4)
  Dowan (D:5)
  2 jellies
  4 crimson imps
  2 hounds (D:5)
  2 giant frog skeletons
  An iguana (D:4)
  2 worker ants
  Natasha (thrice) (D:2)
  A hound zombie (D:6)
  A worker ant zombie (D:5)
  Robin (D:4)
  7 gnolls (D:3)
  10 adders
  2 shadow imps (D:5)
  4 oozes
  An adder skeleton (D:4)
  2 worms
  5 giant geckos
  7 orcs
  2 ball pythons
  8 bats
  2 giant cockroaches
  10 goblins
  14 hobgoblins
  4 kobolds
  4 quokkas
  A ball python zombie (D:3)
  A giant cockroach zombie (D:5)
  2 giant newts
  9 jackals
  A jackal zombie (D:5)
  A quokka skeleton (D:5)
  4 rats
124 creatures vanquished.

Notes
Turn   | Place    | Note
--------------------------------------------------------------
     0 | D:1      | log the Demonspawn Berserker began the quest for the Orb.
     0 | D:1      | Reached XP level 1. HP: 18/18 MP: 1/1
   620 | D:1      | Gained mutation: You are partially covered in rough black scales (AC +4, Dex -1). [demonic ancestry]
   620 | D:1      | Reached XP level 2. HP: 24/24 MP: 2/2
  1195 | D:2      | Reached XP level 3. HP: 25/29 MP: 3/3
  1242 | D:2      | Noticed Natasha
  1255 | D:2      | Killed Natasha
  1255 | D:2      | Reached skill level 4 in Axes
  1256 | D:2      | Found a stormy altar of Qazlal.
  1336 | D:2      | Reached ** piety under Trog
  1455 | D:2      | Gained mutation: You are mostly covered in rough black scales (AC +7, Dex -2). [demonic ancestry]
  1455 | D:2      | Reached XP level 4. HP: 35/35 MP: 4/4
  1473 | D:2      | Noticed Natasha
  1486 | D:2      | Killed Natasha
  1829 | D:2      | Reached skill level 5 in Axes
  1848 | D:2      | Noticed Natasha
  1853 | D:2      | Killed Natasha
  1916 | D:3      | Found a burning altar of Makhleb.
  2116 | D:3      | Gained mutation: You have a pair of small antennae on your head. [demonic ancestry]
  2116 | D:3      | Reached XP level 5. HP: 41/41 MP: 5/5
  2118 | D:3      | Reached *** piety under Trog
  2124 | D:3      | Found a glowing golden altar of the Shining One.
  2216 | D:3      | Found a shadowy altar of Dithmenos.
  2475 | D:3      | Found a deep blue altar of Sif Muna.
  2475 | D:3      | Found a sparkling altar of Nemelex Xobeh.
  2477 | D:3      | Found a blossoming altar of Fedhas.
  2480 | D:3      | Found an opulent altar of Gozag.
  2558 | D:4      | Reached skill level 6 in Axes
  2584 | D:4      | Noticed an ogre
  2596 | D:4      | Killed an ogre
  2596 | D:4      | Reached XP level 6. HP: 45/47 MP: 6/6
  2775 | D:4      | Noticed Robin
  2785 | D:4      | Killed Robin
  2787 | D:4      | Reached **** piety under Trog
  3113 | D:4      | Reached skill level 7 in Axes
  3358 | D:5      | Entered Level 5 of the Dungeon
  3492 | D:5      | Gained mutation: You are immune to rotting. [demonic ancestry]
  3492 | D:5      | Reached XP level 7. HP: 45/52 MP: 7/7
  3820 | D:5      | Gained mutation: You have very sharp teeth. [potion of mutation]
  3820 | D:5      | Gained mutation: You expend magic power (3 MP) to strengthen your wands. [potion of mutation]
  3820 | D:5      | Gained mutation: Scrolls take you a little longer to read. [potion of mutation]
  3894 | D:5      | Noticed Duvessa
  3894 | D:5      | Noticed Dowan
  3905 | D:5      | Killed Duvessa
  3910 | D:5      | Killed Dowan
  3910 | D:5      | Reached skill level 8 in Axes
  4552 | D:6      | Found Ykyps's General Store.
  4605 | D:6      | Bought a potion of heal wounds for 70 gold pieces
  4646 | D:6      | Reached XP level 8. HP: 50/58 MP: 8/8
  4673 | D:6      | Found Yxtesemp's Magic Scroll Boutique.
  4676 | D:6      | Bought a scroll of blinking for 90 gold pieces
  4717 | D:6      | Reached skill level 9 in Axes
  4793 | D:6      | Got a heavily jewelled robe
  4804 | D:6      | Identified the +3 robe "Bohiet" {rF- Dex+10} (You found it on level 6 of the Dungeon)
  4974 | D:6      | Found Noust's Distillery.
  5212 | D:6      | Slain by an ogre

Vault maps used:
D:1:      minmay_arrival_jagged
D:2:      lemuel_doored_altar, uniq_natasha
D:3:      lemuel_crystal_altar, minitemple, old_standard_altar, first_bread,
          grunt_dithmenos_smoke_and_mirrors
D:4:      kennysheep_crisscross, uniq_robin
D:5:      grunt_tough_drop, uniq_duvessa
D:6:      grunt_temple_overflow_open, serial_shops, shop, shop,
          nicolae_shop_stone, nicolae_shop_waterfront

Action                   |  1- 3 |  4- 6 |  7- 9 || total
-------------------------+-------+-------+-------++-------
Melee: Hand axe          |   107 |   302 |   199 ||   608
Invok: Berserk           |     1 |     3 |     2 ||     6
  Use: Potion            |       |     1 |     9 ||    10
       Scroll            |       |       |     6 ||     6
  Eat: Chunk             |     3 |     8 |     6 ||    17
       Bread ration      |       |       |     1 ||     1
